 Dungeon Crawl Stone Soup version 0.20.0-7-g3b7b877 (webtiles) character file.

1150 McKennaii the Covert (level 8, -2/52 HPs)
             Began as an Octopode Assassin on May 29, 2017.
             Slain by a sky beast (5 damage)
             ... on level 5 of the Dungeon.
             The game lasted 00:06:16 (3726 turns).

McKennaii the Covert (Octopode Assassin)            Turns: 3726, Time: 00:06:23

Health: -2/52      AC:  1    Str: 13    XL:     8   Next: 38%
Magic:  8/8        EV: 14    Int: 13    God:
Gold:   270        SH:  0    Dex: 15    Spells: 7/7 levels left

rFire    . . .     SeeInvis .   a - +2 short sword (venom)
rCold    . . .     Gourm    .   (no shield)
rNeg     . . .     Faith    .   (helmet restricted)
rPois    .         Spirit   .   (no amulet)
rElec    .         Reflect  .   w - ring of resist corrosion
rCorr    +         Harm     .   (no ring)
MR       .....                  (no ring)
Stlth    ++++++....             (no ring)
Regen    0.2/turn               (no ring)
MPRegen  0.2/turn               (no ring)
                                (no ring)
                                (no ring)

@: no status effects
A: almost no armour, stealthy swim, amphibious, 8 rings, constrict 8, camouflage
1, deterioration 1, strong 1, gelatinous body 1, evolution 1
a: no special abilities


You were on level 5 of the Dungeon.
You were not hungry.

You visited 1 branch of the dungeon, and saw 5 of its levels.

You collected 270 gold pieces.

Inventory:

Hand Weapons
 a - a +2 short sword of venom (weapon)
 b - a +0 blowgun
Missiles
 c - 8 poisoned needles (quivered)
 d - 2 curare-tipped needles
 u - 8 needles of confusion
Jewellery
 w - a ring of resist corrosion (left tentacle)
Scrolls
 e - 2 scrolls of remove curse {unknown}
 g - 3 scrolls of amnesia {unknown}
 h - 3 scrolls of teleportation {unknown}
 i - a scroll of random uselessness {unknown}
 l - 3 scrolls of identify {unknown}
 o - a scroll of recharging {unknown}
 p - 2 scrolls of magic mapping {unknown}
 s - a scroll of noise {unknown}
 v - a scroll of enchant armour {unknown}
Potions
 j - a potion of cancellation
 m - 2 potions of might {unknown}
 n - a potion of brilliance {unknown}
 q - a potion of mutation
 t - a potion of curing {unknown}
 z - a potion of haste {unknown}
Comestibles
 f - 6 bread rations
 k - 4 meat rations
 r - a royal jelly


   Skills:
 + Level 3.5 Fighting
 + Level 5.5 Short Blades
 * Level 2.9 Throwing
 + Level 2.7 Dodging
 + Level 10.8 Stealth


You had 7 spell levels left.
You didn't know any spells.

Dungeon Overview and Level Annotations

Branches:
Dungeon (5/15)
 Temple: D:4-7

Altars:
Cheibriados
Fedhas
Gozag
Kikubaaqudgha
The Shining One


Innate Abilities, Weirdness & Mutations

You cannot wear most types of armour.
You are very stealthy in the water. (Stealth+)
You are amphibious.
You can wear up to eight rings at the same time.
You can use your tentacles to constrict eight enemies at once.
Your skin changes colour to match your surroundings (Stealth+).
Your rubbery body absorbs attacks. (AC +1, EV +1)
Your body sometimes deteriorates upon taking damage.
Your muscles are strong. (Str +2)
You evolve.


Message History

Something shocks you.
* * * LOW HITPOINT WARNING * * *
Things that are here:
a dagger; a robe
Okay, then.
You closely miss something. Something hits you but does no damage.
You miss something. Something hits you.
* * * LOW HITPOINT WARNING * * *
Something shocks you.
* * * LOW HITPOINT WARNING * * *
It was a potion of cancellation.
You feel magically purged. Something barely misses you.
It was a potion of mutation.
You feel extremely strange.
You feel yourself wasting away.
You feel nature experimenting on you.
Don't worry, failures die fast.
You feel stronger. Something hits you.
* * * LOW HITPOINT WARNING * * *
Something shocks you.
You die...

#.#####.## #........#
#.....[..# #...[<...#
####### ##..###'##
#...... ##)###.#
#.#.... #..##.#
#.#.... ##.##.#
###.#.... ###@.#.#
#.).#....
#......#.#####.###....
#..............# #....
#....>.........# #....
#..............# #....
#.......>......######'
#.....###########...#'
#....##..###..###.#...
...##.#..#.รท#.##.#...


There were no monsters in sight!

Vanquished Creatures
  Grinder (D:3)
  A hippogriff (D:5)
  A water moccasin (D:5)
  The ghost of darksquall the Ruffian, an amateur NaTm (D:3)
  An ogre (D:5)
  A scorpion (D:5)
  2 crimson imps (D:5)
  2 jellies (D:5)
  A bullfrog skeleton (D:4)
  An orc wizard (D:5)
  3 iguanas
  A worker ant (D:4)
  A hound skeleton (D:5)
  7 adders
  An adder skeleton (D:4)
  2 worms
  3 dart slugs
  2 leopard geckos
  3 orcs
  5 giant cockroaches
  11 goblins
  5 hobgoblins
  2 jackals (D:1)
  A quokka (D:4)
  7 bats
  2 frilled lizards
  13 kobolds
  5 rats
86 creatures vanquished.

Notes
Turn   | Place    | Note
-------+----------+-------------------------------------------
     0 | D:1      | McKennaii the Octopode Assassin began the quest for the Orb.
     0 | D:1      | Reached XP level 1. HP: 14/14 MP: 1/1
   167 | D:1      | Reached XP level 2. HP: 15/19 MP: 2/2
   198 | D:1      | Reached skill level 6 in Stealth
   426 | D:1      | Reached XP level 3. HP: 21/24 MP: 3/3
   966 | D:2      | Reached XP level 4. HP: 29/29 MP: 4/4
   985 | D:2      | Found a snail-covered altar of Cheibriados.
  1219 | D:2      | Reached skill level 7 in Stealth
  1512 | D:3      | Noticed Grinder
  1519 | D:3      | Killed Grinder
  1519 | D:3      | Reached skill level 8 in Stealth
  1519 | D:3      | Reached XP level 5. HP: 35/35 MP: 5/5
  1519 | D:3      | Reached XP level 6. HP: 41/41 MP: 6/6
  1611 | D:3      | Noticed darksquall's ghost (amateur NaTm)
  1627 | D:3      | Killed darksquall's ghost
  1810 | D:3      | Found a blossoming altar of Fedhas.
  1985 | D:3      | Found an opulent altar of Gozag.
  2220 | D:4      | Reached skill level 9 in Stealth
  2376 | D:4      | Reached XP level 7. HP: 45/45 MP: 7/7
  2695 | D:4      | Found an ancient bone altar of Kikubaaqudgha.
  2870 | D:5      | Entered Level 5 of the Dungeon
  2938 | D:5      | Reached skill level 10 in Stealth
  3210 | D:5      | Reached skill level 5 in Short Blades
  3210 | D:5      | Reached XP level 8. HP: 30/52 MP: 8/8
  3422 | D:5      | Found a glowing golden altar of the Shining One.
  3505 | D:5      | Noticed a hippogriff
  3523 | D:5      | Killed a hippogriff
  3726 | D:5      | Gained mutation: Your body sometimes deteriorates upon taking damage. [potion of mutation]
  3726 | D:5      | Gained mutation: You evolve. [potion of mutation]
  3726 | D:5      | Gained mutation: Your muscles are strong. (Str +2) [potion of mutation]
  3726 | D:5      | Slain by a sky beast

Skill      XL: |  1  2  3  4  5  6  7 |
---------------+----------------------+-----
Stealth        | 6 8 9 10 | 10.8
Short Blades   | 3 4 5 |  5.5
Dodging        | 2 |  2.7
Fighting       | 3 |  3.5
Throwing       | |  2.9

Action                   |  1- 3 |  4- 6 |  7- 9 || total
-------------------------+-------+-------+-------++-------
Melee: Dagger            |    66 |    55 |       ||   121
       Constrict         |    17 |    11 |     8 ||    36
       Tentacles         |     7 |     9 |     6 ||    22
       Short sword       |       |    10 |    65 ||    75
  Use: Potion            |       |       |     2 ||     2
 Stab: Sleeping          |    11 |    14 |     8 ||    33
  Eat: Chunk             |       |     5 |     4 ||     9
Armor: Skin              |     7 |     2 |     2 ||    11
Dodge: Dodged            |    41 |    30 |    28 ||    99
